AoeStats
← miguelon01

Arena

507400631Analyzed
4v4 RM · 14d ago on Sep 18, 2026· 43m 50s· 8 players
Game mode
Random Map
Map size
Large (8 player)
Population
200
Speed
Normal
Resources
Standard
Victory
Conquest
Starting age
Dark Age
Ending age
Imperial Age
RankedLock teamsTeams togetherTeam positionsShared explorationLock speedFull tech treeHidden civsTurbo modeCheats
Victory
Defeat
🇨🇳 Inca · China
1195
+11
🇲🇽 Goths · Mexico
1135
+14
🇧🇷 Persians · Brazil
1130
+14
🇨🇳 Huns · China
1126
+14
🇺🇸 Malians · United States
1176
-18
🇨🇱 Turks · Chile
1112
-14
🇵🇪 Inca · Peru
1033
-11
🇲🇽 Bohemians · Mexico
1010
-10
cristian2000sc
4:53 Loom
10:53 Feudal Age
11:28 Double-Bit Axe
12:47 Horse Collar
17:55 Castle Age
17:45 Wheelbarrow
19:21 Bow Saw
20:15 Heavy Plow
24:05 Gold Mining
24:36 Hand Cart
25:50 Squires
31:10 Imperial Age
28:45 Man-at-Arms
29:41 Forging
29:32 Scale Mail Armor
29:24 Long Swordsman
32:07 Ballistics
32:54 Chemistry
32:39 Two-Handed Swordsman
37:49 Anarchy
38:10 Conscription
38:47 Iron Casting
38:27 Chain Mail Armor
40:33 Blast Furnace
39:43 Champion
40:42 Stone Mining
41:29 Pikeman
因为
11:38 Feudal Age
15:36 Castle Age
13:54 Double-Bit Axe
14:18 Horse Collar
15:17 Gold Mining
17:15 Bow Saw
19:48 Heavy Plow
24:06 Stone Mining
24:33 Squires
24:45 Forging
24:36 Scale Mail Armor
25:47 Gold Shaft Mining
25:06 Loom
26:56 Chain Mail Armor
29:20 Iron Casting
29:58 Wheelbarrow
31:21 Arson
31:30 Fletching
32:15 Hand Cart
40:16 Imperial Age
41:18 Conscription
40:21 Elite Kamayuk
41:38 Plate Mail Armor
42:09 Blast Furnace
42:16 Stone Shaft Mining
42:03 Bodkin Arrow
42:26 Fabric Shields
76561199026418587
11:24 Feudal Age
16:08 Castle Age
14:11 Double-Bit Axe
14:24 Horse Collar
17:53 Bow Saw
18:50 Heavy Plow
19:13 Stone Mining
22:19 Wheelbarrow
24:16 Hand Cart
26:26 Scale Barding Armor
26:33 Forging
29:33 Imperial Age
27:25 Husbandry
27:36 Bloodlines
27:55 Chain Barding Armor
29:21 Marauders
30:15 Iron Casting
31:18 Conscription
31:53 Plate Barding Armor
32:19 Blast Furnace
31:18 Elite Tarkan
36:48 Gold Mining
miguelon01
10:24 Feudal Age
15:47 Castle Age
14:16 Stone Mining
14:19 Double-Bit Axe
15:10 Loom
16:39 Horse Collar
17:41 Bow Saw
22:42 Wheelbarrow
25:36 Gold Mining
26:05 Fletching
28:57 Imperial Age
27:02 Bodkin Arrow
28:02 Forging
28:58 Bloodlines
28:49 Husbandry
28:51 Light Cavalry
30:43 Scale Barding Armor
31:08 Cavalier
41:20 Chain Barding Armor
41:36 Squires
41:54 Scale Mail Armor
42:45 Pikeman
44:19 Iron Casting
MOROCHO
5:35 Loom
11:51 Feudal Age
13:16 Wheelbarrow
16:00 Castle Age
17:26 Double-Bit Axe
18:17 Fletching
38:39 Scale Barding Armor
38:46 Forging
39:53 Hand Cart
40:24 Husbandry
39:48 Light Cavalry
nofear090689
3:49 Loom
10:04 Feudal Age
18:01 Castle Age
15:46 Champi Runner
17:18 Forging
17:44 Scale Mail Armor
19:15 Double-Bit Axe
19:26 Champi Warrior
22:46 Chain Mail Armor
25:34 Horse Collar
28:41 Iron Casting
35:34 Imperial Age
32:57 Fletching
34:35 Wheelbarrow
33:58 Bodkin Arrow
35:18 Squires
36:14 Elite Kamayuk
36:49 Elite Champi Warrior
38:03 Hand Cart
38:56 Blast Furnace
39:26 Gold Mining
39:24 Pikeman
39:31 Pikeman
41:42 Plate Mail Armor
KING SHADOW
7:14 Loom
9:56 Feudal Age
16:40 Castle Age
14:57 Double-Bit Axe
16:33 Loom
17:14 Scale Mail Armor
17:54 Man-at-Arms
19:54 Long Swordsman
25:47 Forging
26:38 Wheelbarrow
30:33 Gold Mining
33:57 Imperial Age
33:22 Squires
33:40 Chain Mail Armor
34:08 Pikeman
zesar434
11:59 Feudal Age
13:26 Double-Bit Axe
18:50 Castle Age
17:23 Horse Collar
17:42 Gold Mining
26:43 Imperial Age
24:56 Fletching
26:28 Bodkin Arrow
29:56 Wheelbarrow
30:50 Bow Saw
32:13 Hand Cart
31:47 Town Watch
32:04 Padded Archer Armor
38:04 Two-Man Saw
37:08 Heavy Camel Rider
37:53 Husbandry
38:03 Bloodlines
38:02 Scale Barding Armor
39:06 Gold Shaft Mining
40:23 Forging
40:58 Chain Barding Armor
44:43 Plate Barding Armor
Connection lost

Rejoining the realm…

Still unreachable

The connection could not be restored.

Session expired

The server has moved on; the page needs a fresh start.